Influenza vs Blackdemons
Created - April 5, 2019 at 19:01
Goals
|
| Influenza |
0 |
0 |
4 |
4 |
| Blackdemons |
3 |
4 |
2 |
9 |
|
Shots
|
| Influenza |
5 |
13 |
14 |
32 |
| Blackdemons |
11 |
13 |
15 |
39 |
|
1st period
1. Blackdemons , Patrice Cormier 30 (Yannick Weber 42, Max Friberg 21) at 12:28
2. Blackdemons , Patrice Cormier 31 (Yannick Weber 43, Scott Timmins 23) at 13:54
3. Blackdemons , Hudson Fasching 7 (Kyle Rau 32, Keaton Ellerby 33) at 15:31
Penalties :
Alexei Morozov (MJM) for Tripping (Minor) at 2:39, Patrice Cormier (MJM) for Holding (Minor) at 8:32, Mathieu Carle (VJB) for Tripping (Minor) at 8:54
2nd period
4. Blackdemons , Ladislav Nagy 37 (Martin Hanzal 69) at 2:19 (PP)
5. Blackdemons , Scott Timmins 20 (Keaton Ellerby 34) at 7:52
6. Blackdemons , Patrice Cormier 32 (Max Friberg 22, Roman Josi 31) at 15:50
7. Blackdemons , Martin Hanzal 54 (Roman Josi 32) at 17:36
Penalties :
Beau Bennett (VJB) for Holding (Minor) at 1:46, Yannick Weber (MJM) for Slashing (Minor) at 3:46, Ladislav Nagy (MJM) for Fighting (Major) at 10:01, Beau Bennett (VJB) for Fighting (Major) at 10:01
3rd period
8. Influenza , Jake Guentzel 18 (Jimmy Vesey 50, Luca Sbisa 4) at 2:27
9. Blackdemons , Sergei Plotnikov 21 (Kyle Rau 33, Robbie Russo 6) at 5:48
10. Influenza , Lucas Lessio 11 (Paul Ladue 23, Tim Erixon 17) at 7:17
11. Influenza , Iiro Pakarinen 21 (Andre Burakovsky 41) at 11:39
12. Influenza , Jimmy Vesey 36 (Beau Bennett 45, Jake Guentzel 30) at 11:55
13. Blackdemons , Kyle Rau 13 (Sergei Plotnikov 33) at 15:33
Penalties :
Anthony Mantha (VJB) for Hooking (Minor) at 3:25, Jimmy Vesey (VJB) for Hooking (Minor) at 15:57
Goalie Stats
Jeremy Duchesne (VJB), 18 saves from 23 shots - (0.783), 36:31 minutes
Tyson Sexsmith (VJB), 12 saves from 16 shots - (0.750), L, 9-7-1, 23:29 minutes
Matt Hackett (MJM), 28 saves from 32 shots - (0.875), W, 38-9-1, 60:00 minutes
Players Stats for Influenza
Player Name G A P +/- PIM S H SB GA TA FO MP PP MP PK MP
------------------------------------------------------------------------------------
Andre Burakovsky 0 1 1 -1 0 1 0 1 0 1 0/0 16:12 1:55 0:00
Anthony Mantha 0 0 0 -1 2 3 2 2 0 0 0/1 12:40 0:00 0:14
Beau Bennett 0 1 1 0 7 3 0 0 1 0 0/1 20:45 2:25 2:32
Calvin de Haan 0 0 0 -4 0 2 1 3 1 0 0/0 29:26 2:33 2:47
Dmitry Sinitsyn 0 0 0 0 0 0 0 0 0 1 0/0 11:07 0:00 0:00
Iiro Pakarinen 1 0 1 -1 0 3 1 1 1 0 0/0 16:12 1:55 0:00
Jake Guentzel 1 1 2 0 0 3 2 1 0 2 16/35 19:42 2:25 0:04
Jimmy Vesey 1 1 2 0 2 3 3 0 2 0 1/2 20:07 2:25 0:00
Johan Larsson 0 0 0 -2 0 1 0 0 0 0 0/0 7:30 0:00 0:11
Jordan Schroeder 0 0 0 -2 0 1 0 0 0 0 0/1 8:09 0:00 0:48
Justin Bailey 0 0 0 -2 0 0 1 0 0 0 1/1 7:19 0:00 0:00
Luca Sbisa 0 1 1 0 0 0 0 1 0 0 0/0 12:06 0:00 0:00
Lucas Lessio 1 0 1 -1 0 4 0 0 0 0 0/0 11:37 0:00 1:14
Mark Olver 0 0 0 -1 0 1 1 0 0 0 4/11 18:43 1:55 1:34
Mathieu Carle 0 0 0 -4 2 1 1 0 0 0 0/0 28:07 2:32 2:47
Paul Ladue 0 1 1 0 0 0 0 1 1 0 0/0 20:02 1:47 2:06
Tim Erixon 0 1 1 0 0 1 1 0 0 0 0/0 19:27 1:47 2:06
Zac Dalpe 0 0 0 -1 0 5 1 1 0 0 10/15 14:14 0:00 3:09
Players Stats for Blackdemons
Player Name G A P +/- PIM S H SB GA TA FO MP PP MP PK MP
------------------------------------------------------------------------------------
Alexei Morozov 0 0 0 -1 2 9 0 0 1 0 0/0 17:49 2:18 0:00
Brett Kulak 0 0 0 0 0 0 0 1 0 1 0/0 10:37 0:00 0:00
Hudson Fasching 1 0 1 3 0 1 1 0 0 0 0/1 14:46 2:15 0:00
James Livingstone 0 0 0 1 0 0 1 0 0 0 0/0 7:41 0:00 0:00
Jeffrey Foss 0 0 0 1 0 1 0 2 0 1 0/0 20:46 2:26 2:23
Keaton Ellerby 0 2 2 3 0 3 4 1 0 0 0/0 24:58 2:27 1:52
Kyle Rau 1 2 3 3 0 5 0 0 0 1 6/12 15:38 0:00 2:14
Ladislav Nagy 1 0 1 0 5 2 0 0 0 0 2/2 16:00 2:15 1:55
Mackenzie MacEachern 0 0 0 1 0 1 0 0 0 0 0/0 7:41 0:00 0:00
Martin Hanzal 1 1 2 -1 0 3 2 1 0 0 19/28 18:04 2:01 0:00
Matt Grzelcyk 0 0 0 0 0 0 0 0 0 0 0/0 5:23 0:00 1:52
Max Friberg 0 2 2 1 0 1 0 0 0 0 1/3 14:08 0:19 0:00
Patrice Cormier 3 0 3 1 2 6 1 0 0 0 5/17 18:02 2:38 2:01
Robbie Russo 0 1 1 0 0 1 0 0 0 0 0/0 10:37 0:00 0:00
Roman Josi 0 2 2 3 0 0 5 1 0 1 0/0 23:50 2:27 0:41
Scott Timmins 1 1 2 2 0 2 1 0 0 0 1/3 10:17 0:20 0:05
Sergei Plotnikov 1 1 2 3 0 3 2 1 1 0 1/1 15:38 0:20 2:14
Tommy Vannelli 0 0 0 0 0 0 0 0 0 1 0/0 3:58 0:00 0:24
Yannick Weber 0 2 2 1 2 0 0 0 1 1 0/0 20:02 2:26 1:28
Zachary Sanford 0 0 0 -1 0 1 3 0 1 0 0/0 18:04 2:13 0:11
3 Stars
1 - Patrice Cormier (MJM)
2 - Kyle Rau (MJM)
3 - Sergei Plotnikov (MJM)
Power Play
Influenza - 0 on 3 Attempt(s) - 0.00%
Blackdemons - 1 on 4 Attempt(s) - 25.00%
Penalty Kill
Influenza - 3 on 4 Attempt(s) - 75.00%
- Score 0 goal in Penalty Kill
Blackdemons - 3 on 3 Attempt(s) - 100.00%
- Score 0 goal in Penalty Kill
Team Stat
Influenza - Hits : 14 - Faceoff Wins : 32 - Blocked Shots : 11 - Penalty Minutes : 13
Blackdemons - Hits : 20 - Faceoff Wins : 35 - Blocked Shots : 7 - Penalty Minutes : 11
Official
Referees : Unknown
Linesman : Unknown
Game Notes
Tyson Sexsmith enters game at 2:19 of 2nd period
Ladislav Nagy beats up Beau Bennett at 10:01 of 2nd period
Patrice Cormier has scored a Hat Trick!
Jeremy Duchesne enters game at 5:48 of 3rd period
Finance
Level 1 -- Attendance: 1659 (82.95%) -- Ticket Income $66,360
Level 2 -- Attendance: 857 (85.70%) -- Ticket Income $17,140
Total Attendance: 2516 (83.87%)
Total Ticket Income: $83,500
Other Income: $4,175
Total Income: $87,675
Influenza
5 vs 5 Forward
Center Left Wing Right Wing Time % Phy DF OF
1 Jake Guentzel Jimmy Vesey Beau Bennett 40 1 2 2
2 Mark Olver Andre Burakovsky Iiro Pakarinen 30 1 2 2
3 Zac Dalpe Lucas Lessio Anthony Mantha 20 1 2 2
4 Jordan Schroeder Johan Larsson Justin Bailey 10 1 2 2
5 vs 5 Defense
Defense Defense Time % Phy DF OF
1 Calvin de Haan Mathieu Carle 40 1 2 2
2 Paul Ladue Tim Erixon 30 1 2 2
3 Luca Sbisa Dmitry Sinitsyn 20 1 2 2
4 Calvin de Haan Mathieu Carle 10 1 2 2
PowerPlay Forward
Center Left Wing Right Wing Time % Phy DF OF
1 Jake Guentzel Jimmy Vesey Beau Bennett 60 1 2 2
2 Mark Olver Andre Burakovsky Iiro Pakarinen 40 1 2 2
PowerPlay Defense
Defense Defense Time % Phy DF OF
1 Calvin de Haan Mathieu Carle 60 1 2 2
2 Paul Ladue Tim Erixon 40 1 2 2
Penalty Kill 4 Players Forward
Center Wing Time % Phy DF OF
1 Zac Dalpe Beau Bennett 60 1 2 2
2 Mark Olver Anthony Mantha 40 1 2 2
Penalty Kill 4 Players Defense
Defense Defense Time % Phy DF OF
1 Calvin de Haan Mathieu Carle 60 1 2 2
2 Paul Ladue Tim Erixon 40 1 2 2
Penalty Kill - 3 Players Forward
Forward Time % Phy DF OF
1 Zac Dalpe 60 1 2 2
2 Mark Olver 40 1 2 2
Penalty Kill - 3 Players Defense
Defense Defense Time % Phy DF OF
1 Mathieu Carle Calvin de Haan 60 1 2 2
2 Paul Ladue Tim Erixon 40 1 2 2
4 vs 4 Forward
Center Wing Time % Phy DF OF
1 Mark Olver Beau Bennett 60 1 2 2
2 Zac Dalpe Jimmy Vesey 40 1 2 2
4 vs 4 Defense
Defense Defense Time % Phy DF OF
1 Calvin de Haan Mathieu Carle 60 1 2 2
2 Paul Ladue Tim Erixon 40 1 2 2
Last Minutes Offensive
Center Left Wing Right Wing Defense Defense
Mark Olver Jimmy Vesey Beau Bennett Calvin de Haan Mathieu Carle
Last Minutes Defensive
Center Left Wing Right Wing Defense Defense
Zac Dalpe Jimmy Vesey Beau Bennett Calvin de Haan Mathieu Carle
Goaltenders
Starting : Jeremy Duchesne
Backup : Tyson Sexsmith
Extra Forwards
Normal : Anthony Mantha, Jake Guentzel, Zac Dalpe - PP : Justin Bailey, Anthony Mantha - PK : Mark Olver
Extra Defensemen
Normal : Paul Ladue, Calvin de Haan, Luca Sbisa - PP : Dmitry Sinitsyn - PK : Paul Ladue, Luca Sbisa
Penalty Shots
Beau Bennett, Andre Burakovsky, Calvin de Haan, Zac Dalpe, Jake Guentzel
Scratches
Jacob Josefson (Healthy), Shane Prince (Healthy), Jamie Devane (Healthy), Jeff Corbett (Healthy), Henri Ikonen (Healthy)
Fredric Larsson (Healthy), Tom Kuhnhackl (Healthy), Rocco Grimaldi (Healthy), Josh Andrerson (Healthy), Jesse Graham (Healthy)
Jamie Phillips (Healthy)
Blackdemons
5 vs 5 Forward
Center Left Wing Right Wing Time % Phy DF OF
1 Martin Hanzal Zachary Sanford Alexei Morozov 33 0 1 4
2 Patrice Cormier Ladislav Nagy Max Friberg 29 0 1 4
3 Kyle Rau Sergei Plotnikov Hudson Fasching 26 0 2 3
4 Scott Timmins Mackenzie MacEachern James Livingstone 12 0 1 4
5 vs 5 Defense
Defense Defense Time % Phy DF OF
1 Keaton Ellerby Roman Josi 40 0 4 1
2 Jeffrey Foss Yannick Weber 30 0 4 1
3 Brett Kulak Robbie Russo 22 0 5 0
4 Matt Grzelcyk Tommy Vannelli 8 0 5 0
PowerPlay Forward
Center Left Wing Right Wing Time % Phy DF OF
1 Patrice Cormier Zachary Sanford Alexei Morozov 50 0 0 5
2 Martin Hanzal Ladislav Nagy Hudson Fasching 50 0 0 5
PowerPlay Defense
Defense Defense Time % Phy DF OF
1 Jeffrey Foss Yannick Weber 50 0 1 4
2 Keaton Ellerby Roman Josi 50 0 1 4
Penalty Kill 4 Players Forward
Center Wing Time % Phy DF OF
1 Patrice Cormier Ladislav Nagy 50 0 5 0
2 Kyle Rau Sergei Plotnikov 50 0 5 0
Penalty Kill 4 Players Defense
Defense Defense Time % Phy DF OF
1 Yannick Weber Jeffrey Foss 50 0 5 0
2 Matt Grzelcyk Keaton Ellerby 50 0 5 0
Penalty Kill - 3 Players Forward
Forward Time % Phy DF OF
1 Patrice Cormier 60 0 5 0
2 Martin Hanzal 40 0 5 0
Penalty Kill - 3 Players Defense
Defense Defense Time % Phy DF OF
1 Yannick Weber Roman Josi 60 0 5 0
2 Jeffrey Foss Keaton Ellerby 40 0 5 0
4 vs 4 Forward
Center Wing Time % Phy DF OF
1 Kyle Rau Martin Hanzal 50 1 2 2
2 Ladislav Nagy Patrice Cormier 50 1 2 2
4 vs 4 Defense
Defense Defense Time % Phy DF OF
1 Keaton Ellerby Roman Josi 50 1 2 2
2 Yannick Weber Jeffrey Foss 50 1 2 2
Last Minutes Offensive
Center Left Wing Right Wing Defense Defense
Martin Hanzal Ladislav Nagy Max Friberg Roman Josi Keaton Ellerby
Last Minutes Defensive
Center Left Wing Right Wing Defense Defense
Martin Hanzal Ladislav Nagy Max Friberg Roman Josi Keaton Ellerby
Goaltenders
Starting : Matt Hackett
Backup : Laurent Brossoit
Extra Forwards
Normal : Max Friberg, Scott Timmins, Ladislav Nagy - PP : Max Friberg, Scott Timmins - PK : Patrice Cormier
Extra Defensemen
Normal : Yannick Weber, Roman Josi, Jeffrey Foss - PP : Yannick Weber - PK : Roman Josi, Jeffrey Foss
Penalty Shots
Martin Hanzal, Ladislav Nagy, Sergei Plotnikov, Hudson Fasching, Patrice Cormier
Scratches
Alexandre Grenier (Torn Right Knee Ligaments Injury), Christophe Lalancette (Healthy), Blake Pietila (Lower Body Injury), Charles-Olivier Roussel (Healthy), Klas Dahlbeck (Healthy)
Remi Elie (Healthy), Jyrki Jokipakka (Healthy), Ben Maxwell (Healthy), Nicolas Deschamps (Healthy), Angelo Esposito (Healthy)
Jacob Lagacé (Healthy), Ebbe Siönäs (Healthy), Sami Aittokallio (Healthy), Jeremy Smith (Healthy)
% Time on Ice - Influenza
Lines # - Real PCT - Wanted PCT - Time Play
Normal Forward
1 - 36% - 40% - 17:29
2 - 29% - 30% - 14:17
3 - 21% - 20% - 10:05
4 - 15% - 10% - 7:19
Normal Defense
1 - 41% - 40% - 19:56
2 - 32% - 30% - 15:31
3 - 23% - 20% - 11:07
4 - 5% - 10% - 2:36
PP Forward
1 - 56% - 60% - 2:25
2 - 44% - 40% - 1:55
PP Defense
1 - 59% - 60% - 2:33
2 - 41% - 40% - 1:47
PK Forward
1 - 86% - 60% - 4:11
2 - 14% - 40% - 0:42
PK Defense
1 - 57% - 60% - 2:47
2 - 43% - 40% - 2:06
PK3 Forward
1 - 0% - 60%
2 - 0% - 40%
PK3 Defense
1 - 0% - 60%
2 - 0% - 40%
44 Forward
1 - 68% - 60% - 1:06
2 - 32% - 40% - 0:31
44 Defense
1 - 97% - 60% - 1:34
2 - 3% - 40% - 0:03
Last Minute Offensive - 0:00
Last Minute Defensive - 0:00
Total
Forward - 60:00
Defense - 60:00
|
% Time on Ice - Blackdemons
Lines # - Real PCT - Wanted PCT - Time Play
Normal Forward
1 - 32% - 33% - 15:32
2 - 27% - 29% - 13:20
3 - 26% - 26% - 12:37
4 - 16% - 12% - 7:41
Normal Defense
1 - 42% - 40% - 20:43
2 - 29% - 30% - 14:28
3 - 22% - 22% - 10:37
4 - 7% - 8% - 3:22
PP Forward
1 - 47% - 50% - 2:18
2 - 53% - 50% - 2:35
PP Defense
1 - 57% - 50% - 2:46
2 - 43% - 50% - 2:07
PK Forward
1 - 48% - 50% - 2:04
2 - 52% - 50% - 2:16
PK Defense
1 - 57% - 50% - 2:28
2 - 43% - 50% - 1:52
PK3 Forward
1 - 0% - 60%
2 - 0% - 40%
PK3 Defense
1 - 0% - 60%
2 - 0% - 40%
44 Forward
1 - 48% - 50% - 0:47
2 - 52% - 50% - 0:50
44 Defense
1 - 57% - 50% - 0:55
2 - 43% - 50% - 0:42
Last Minute Offensive - 0:00
Last Minute Defensive - 0:00
Total
Forward - 60:00
Defense - 60:00
|
Play-by-Play
1st period
0:01 of 1st period - Martin Hanzal wins face-off versus Jake Guentzel in neutral zone.
0:14 of 1st period - Snap shot by Jake Guentzel.
0:14 of 1st period - Stopped by Matt Hackett without a rebound.
0:15 of 1st period - Mark Olver wins face-off versus Max Friberg in Blackdemons zone.
0:45 of 1st period - Snap shot by Lucas Lessio.
0:45 of 1st period - Stopped by Matt Hackett with a rebound.
0:47 of 1st period - Backhand shot by Tim Erixon.
0:47 of 1st period - Stopped by Matt Hackett without a rebound.
0:48 of 1st period - Scott Timmins wins face-off versus Jordan Schroeder in Blackdemons zone.
0:55 of 1st period - Justin Bailey is hit by Scott Timmins.
1:07 of 1st period - Johan Larsson is hit by James Livingstone and loses puck.
1:24 of 1st period - Wrist shot by Jake Guentzel.
1:24 of 1st period - Shot Misses the Net.
1:46 of 1st period - Snap shot by Lucas Lessio.
1:46 of 1st period - Shot Blocked by Roman Josi.
2:10 of 1st period - Backhand shot by Patrice Cormier.
2:10 of 1st period - Shot Misses the Net.
2:20 of 1st period - Yannick Weber is hit by Calvin de Haan and loses puck.
2:36 of 1st period - Icing by Mathieu Carle.
2:37 of 1st period - Martin Hanzal wins face-off versus Jake Guentzel in Influenza zone.
2:39 of 1st period - Minor Penalty to Alexei Morozov for Tripping.
2:40 of 1st period - Jake Guentzel wins face-off versus Patrice Cormier in Blackdemons zone.
3:06 of 1st period - Andre Burakovsky is hit by Patrice Cormier and loses puck.
4:39 of 1st period - Penalty to Alexei Morozov is over, Alexei Morozov is back on ice.
5:13 of 1st period - Slapshot by Alexei Morozov.
5:13 of 1st period - Shot Misses the Net.
5:19 of 1st period - Calvin de Haan is hit by Roman Josi and loses puck.
7:25 of 1st period - Scott Timmins is hit by Tim Erixon and loses puck.
7:36 of 1st period - Calvin de Haan is hit by Roman Josi and loses puck.
7:51 of 1st period - Slapshot by Mark Olver.
7:51 of 1st period - Shot Misses the Net.
8:03 of 1st period - Wrist shot by Lucas Lessio.
8:03 of 1st period - Shot Misses the Net.
8:32 of 1st period - Minor Penalty to Patrice Cormier for Holding.
8:33 of 1st period - Kyle Rau wins face-off versus Beau Bennett in Blackdemons zone.
8:54 of 1st period - Minor Penalty to Mathieu Carle for Tripping.
8:55 of 1st period - Mark Olver wins face-off versus Kyle Rau in Influenza zone.
9:00 of 1st period - Snap shot by Calvin de Haan.
9:00 of 1st period - Stopped by Matt Hackett with a rebound.
10:14 of 1st period - Slapshot by Zac Dalpe.
10:14 of 1st period - Shot Misses the Net.
10:32 of 1st period - Penalty to Patrice Cormier is over, Patrice Cormier is back on ice.
10:51 of 1st period - Off-side.
10:52 of 1st period - Patrice Cormier wins face-off versus Zac Dalpe in neutral zone.
10:54 of 1st period - Penalty to Mathieu Carle is over, Mathieu Carle is back on ice.
11:03 of 1st period - Wrist shot by Zac Dalpe.
11:03 of 1st period - Shot Misses the Net.
11:56 of 1st period - Wrist shot by Mackenzie MacEachern.
11:56 of 1st period - Stopped by Jeremy Duchesne with a rebound.
11:58 of 1st period - Wrist shot by Alexei Morozov.
11:58 of 1st period - Shot Blocked by Paul Ladue.
12:11 of 1st period - Off-side.
12:12 of 1st period - Mark Olver wins face-off versus Patrice Cormier in neutral zone.
12:17 of 1st period - Max Friberg is hit by Mathieu Carle and loses puck.
12:28 of 1st period - Snap shot by Patrice Cormier.
12:28 of 1st period - Goal by Patrice Cormier - Influenza : 0 - Blackdemons : 1.
12:29 of 1st period - Jake Guentzel wins face-off versus Patrice Cormier in neutral zone.
12:42 of 1st period - Wrist shot by Patrice Cormier.
12:42 of 1st period - Stopped by Jeremy Duchesne with a rebound.
12:44 of 1st period - Slapshot by Keaton Ellerby.
12:44 of 1st period - Stopped by Jeremy Duchesne with a rebound.
12:54 of 1st period - Calvin de Haan is hit by Roman Josi and loses puck.
13:54 of 1st period - Slapshot by Yannick Weber.
13:54 of 1st period - Deflect By Patrice Cormier.
13:54 of 1st period - Goal by Patrice Cormier - Influenza : 0 - Blackdemons : 2.
13:55 of 1st period - Jake Guentzel wins face-off versus Patrice Cormier in neutral zone.
13:58 of 1st period - Snap shot by Jimmy Vesey.
13:58 of 1st period - Stopped by Matt Hackett with a rebound.
15:04 of 1st period - Icing by Mathieu Carle.
15:05 of 1st period - Zac Dalpe wins face-off versus Patrice Cormier in Influenza zone.
15:23 of 1st period - Icing by Mathieu Carle.
15:24 of 1st period - Kyle Rau wins face-off versus Zac Dalpe in Influenza zone.
15:25 of 1st period - Wrist shot by Sergei Plotnikov.
15:25 of 1st period - Shot Misses the Net.
15:27 of 1st period - Slapshot by Keaton Ellerby.
15:27 of 1st period - Shot Blocked by Calvin de Haan.
15:29 of 1st period - Slapshot by Kyle Rau.
15:29 of 1st period - Shot Hit the Post.
15:31 of 1st period - Wrist shot by Hudson Fasching.
15:31 of 1st period - Goal by Hudson Fasching - Influenza : 0 - Blackdemons : 3.
15:32 of 1st period - Martin Hanzal wins face-off versus Jake Guentzel in neutral zone.
15:57 of 1st period - Alexei Morozov is hit by Zac Dalpe and loses puck.
16:08 of 1st period - Slapshot by Alexei Morozov.
16:08 of 1st period - Stopped by Jeremy Duchesne without a rebound.
16:09 of 1st period - Jimmy Vesey wins face-off versus Kyle Rau in Influenza zone.
16:09 of 1st period - Jimmy Vesey is hit by Sergei Plotnikov.
16:43 of 1st period - Slapshot by Ladislav Nagy.
16:43 of 1st period - Shot Misses the Net.
16:45 of 1st period - Snap shot by Max Friberg.
16:45 of 1st period - Stopped by Jeremy Duchesne without a rebound.
16:46 of 1st period - Jake Guentzel wins face-off versus Kyle Rau in Influenza zone.
17:13 of 1st period - Roman Josi is hit by Mark Olver and loses puck.
17:46 of 1st period - Slapshot by Martin Hanzal.
17:46 of 1st period - Stopped by Jeremy Duchesne with a rebound.
18:43 of 1st period - Off-side.
18:44 of 1st period - Martin Hanzal wins face-off versus Mark Olver in neutral zone.
18:59 of 1st period - Wrist shot by Calvin de Haan.
18:59 of 1st period - Shot Blocked by Keaton Ellerby.
19:08 of 1st period - Icing by Mark Olver.
19:09 of 1st period - Kyle Rau wins face-off versus Mark Olver in Influenza zone.
19:10 of 1st period - Snap shot by Sergei Plotnikov.
19:10 of 1st period - Shot Misses the Net.
19:18 of 1st period - Snap shot by Ladislav Nagy.
19:18 of 1st period - Shot Misses the Net.
19:34 of 1st period - Mathieu Carle is hit by Martin Hanzal and loses puck.
19:43 of 1st period - Snap shot by Alexei Morozov.
19:43 of 1st period - Stopped by Jeremy Duchesne with a rebound.
19:59 of 1st period - Wrist shot by Kyle Rau.
19:59 of 1st period - Stopped by Jeremy Duchesne without a rebound.
Goals for this period are 0 for Influenza vs 3 for Blackdemons.
Shots for this period are 5 for Influenza vs 11 for Blackdemons.
2nd period
0:01 of 2nd period - Kyle Rau wins face-off versus Jake Guentzel in neutral zone.
0:06 of 2nd period - Snap shot by Sergei Plotnikov.
0:06 of 2nd period - Shot Misses the Net.
1:07 of 2nd period - Icing by Robbie Russo.
1:08 of 2nd period - Zac Dalpe wins face-off versus Martin Hanzal in Blackdemons zone.
1:09 of 2nd period - Slapshot by Lucas Lessio.
1:09 of 2nd period - Shot Misses the Net.
1:21 of 2nd period - Wrist shot by Beau Bennett.
1:21 of 2nd period - Shot Misses the Net.
1:23 of 2nd period - Slapshot by Paul Ladue.
1:23 of 2nd period - Shot Blocked by Brett Kulak.
1:39 of 2nd period - Slapshot by Patrice Cormier.
1:39 of 2nd period - Shot Misses the Net.
1:41 of 2nd period - Snap shot by Max Friberg.
1:41 of 2nd period - Shot Misses the Net.
1:43 of 2nd period - Slapshot by Brett Kulak.
1:43 of 2nd period - Deflect By Patrice Cormier.
1:43 of 2nd period - Shot Misses the Net.
1:43 of 2nd period - Puck is out of play.
1:44 of 2nd period - Jake Guentzel wins face-off versus Kyle Rau in Influenza zone.
1:46 of 2nd period - Minor Penalty to Beau Bennett for Holding.
1:47 of 2nd period - Patrice Cormier wins face-off versus Zac Dalpe in Influenza zone.
1:47 of 2nd period - Snap shot by Alexei Morozov.
1:47 of 2nd period - Stopped by Jeremy Duchesne with a rebound.
1:49 of 2nd period - Snap shot by Alexei Morozov.
1:49 of 2nd period - Stopped by Jeremy Duchesne with a rebound.
1:51 of 2nd period - Wrist shot by Keaton Ellerby.
1:51 of 2nd period - Shot Misses the Net.
2:13 of 2nd period - Zac Dalpe is hit by Roman Josi.
2:19 of 2nd period - Snap shot by Ladislav Nagy.
2:19 of 2nd period - Goal by Ladislav Nagy - Influenza : 0 - Blackdemons : 4.
2:19 of 2nd period - Tyson Sexsmith enters game.
2:20 of 2nd period - Jake Guentzel wins face-off versus Kyle Rau in neutral zone.
2:33 of 2nd period - Slapshot by Sergei Plotnikov.
2:33 of 2nd period - Deflect By Kyle Rau.
2:33 of 2nd period - Stopped by Tyson Sexsmith with a rebound.
2:47 of 2nd period - Patrice Cormier is hit by Iiro Pakarinen and loses puck.
3:11 of 2nd period - Icing by Zachary Sanford.
3:12 of 2nd period - Zac Dalpe wins face-off versus Martin Hanzal in Blackdemons zone.
3:13 of 2nd period - Slapshot by Mathieu Carle.
3:13 of 2nd period - Shot Blocked by Jeffrey Foss.
3:15 of 2nd period - Slapshot by Lucas Lessio.
3:15 of 2nd period - Stopped by Matt Hackett with a rebound.
3:17 of 2nd period - Slapshot by Mathieu Carle.
3:17 of 2nd period - Shot Misses the Net.
3:19 of 2nd period - Snap shot by Calvin de Haan.
3:19 of 2nd period - Shot Misses the Net.
3:21 of 2nd period - Snap shot by Calvin de Haan.
3:21 of 2nd period - Shot Misses the Net.
3:23 of 2nd period - Snap shot by Anthony Mantha.
3:23 of 2nd period - Stopped by Matt Hackett with a rebound.
3:25 of 2nd period - Snap shot by Mathieu Carle.
3:25 of 2nd period - Shot Misses the Net.
3:27 of 2nd period - Snap shot by Zac Dalpe.
3:27 of 2nd period - Stopped by Matt Hackett with a rebound.
3:46 of 2nd period - Minor Penalty to Yannick Weber for Slashing.
3:47 of 2nd period - Jake Guentzel wins face-off versus Patrice Cormier in Blackdemons zone.
5:46 of 2nd period - Penalty to Yannick Weber is over, Yannick Weber is back on ice.
5:57 of 2nd period - Wrist shot by Scott Timmins.
5:57 of 2nd period - Deflect By Yannick Weber.
5:57 of 2nd period - Shot Misses the Net.
5:57 of 2nd period - Puck is out of play.
5:58 of 2nd period - Zac Dalpe wins face-off versus Martin Hanzal in Influenza zone.
5:58 of 2nd period - Zac Dalpe is hit by Martin Hanzal.
6:22 of 2nd period - Icing by Zachary Sanford.
6:23 of 2nd period - Justin Bailey wins face-off versus Scott Timmins in Blackdemons zone.
6:24 of 2nd period - Wrist shot by Jordan Schroeder.
6:24 of 2nd period - Stopped by Matt Hackett with a rebound.
7:36 of 2nd period - Snap shot by Lucas Lessio.
7:36 of 2nd period - Shot Misses the Net.
7:52 of 2nd period - Wrist shot by Scott Timmins.
7:52 of 2nd period - Goal by Scott Timmins - Influenza : 0 - Blackdemons : 5.
7:53 of 2nd period - Patrice Cormier wins face-off versus Jake Guentzel in neutral zone.
8:19 of 2nd period - Jimmy Vesey is hit by Keaton Ellerby and loses puck.
8:42 of 2nd period - Wrist shot by Mathieu Carle.
8:42 of 2nd period - Shot Blocked by Sergei Plotnikov.
8:44 of 2nd period - Slapshot by Mark Olver.
8:44 of 2nd period - Stopped by Matt Hackett with a rebound.
8:46 of 2nd period - Slapshot by Calvin de Haan.
8:46 of 2nd period - Shot Blocked by Jeffrey Foss.
8:48 of 2nd period - Slapshot by Iiro Pakarinen.
8:48 of 2nd period - Deflect By Kyle Rau.
8:48 of 2nd period - Stopped by Matt Hackett without a rebound.
8:49 of 2nd period - Mark Olver wins face-off versus Patrice Cormier in Blackdemons zone.
9:04 of 2nd period - Wrist shot by Andre Burakovsky.
9:04 of 2nd period - Shot Misses the Net.
9:54 of 2nd period - Wrist shot by Patrice Cormier.
9:54 of 2nd period - Shot Blocked by Calvin de Haan.
9:58 of 2nd period - Wrist shot by Patrice Cormier.
9:58 of 2nd period - Stopped by Tyson Sexsmith without a rebound.
9:59 of 2nd period - Jake Guentzel wins face-off versus Patrice Cormier in Influenza zone.
10:01 of 2nd period - Ladislav Nagy beats up Beau Bennett.
10:01 of 2nd period - Penalty to Ladislav Nagy for Fighting.
10:01 of 2nd period - Penalty to Beau Bennett for Fighting.
10:02 of 2nd period - Kyle Rau wins face-off versus Jake Guentzel in neutral zone.
10:36 of 2nd period - Snap shot by Max Friberg.
10:36 of 2nd period - Shot Misses the Net.
11:12 of 2nd period - Hudson Fasching is hit by Anthony Mantha and loses puck.
11:51 of 2nd period - Anthony Mantha is hit by Keaton Ellerby and loses puck.
12:31 of 2nd period - Snap shot by Zac Dalpe.
12:31 of 2nd period - Shot Misses the Net.
12:33 of 2nd period - Snap shot by Zac Dalpe.
12:33 of 2nd period - Shot Misses the Net.
12:35 of 2nd period - Slapshot by Luca Sbisa.
12:35 of 2nd period - Deflect By Zac Dalpe.
12:35 of 2nd period - Stopped by Matt Hackett without a rebound.
12:36 of 2nd period - Jake Guentzel wins face-off versus Scott Timmins in Blackdemons zone.
12:49 of 2nd period - Slapshot by Anthony Mantha.
12:49 of 2nd period - Stopped by Matt Hackett with a rebound.
13:41 of 2nd period - Anthony Mantha is hit by Sergei Plotnikov and loses puck.
13:50 of 2nd period - Sergei Plotnikov is hit by Jimmy Vesey and loses puck.
14:04 of 2nd period - Kyle Rau is hit by Jake Guentzel and loses puck.
14:21 of 2nd period - Wrist shot by Sergei Plotnikov.
14:21 of 2nd period - Shot Misses the Net.
14:23 of 2nd period - Snap shot by Hudson Fasching.
14:23 of 2nd period - Shot Blocked by Jake Guentzel.
14:25 of 2nd period - Snap shot by Hudson Fasching.
14:25 of 2nd period - Shot Hit the Post.
14:27 of 2nd period - Backhand shot by Hudson Fasching.
14:27 of 2nd period - Shot Misses the Net.
14:29 of 2nd period - Wrist shot by Hudson Fasching.
14:29 of 2nd period - Shot Misses the Net.
14:31 of 2nd period - Snap shot by Sergei Plotnikov.
14:31 of 2nd period - Shot Misses the Net.
14:33 of 2nd period - Slapshot by Robbie Russo.
14:33 of 2nd period - Deflect By Paul Ladue.
14:33 of 2nd period - Stopped by Tyson Sexsmith without a rebound.
14:34 of 2nd period - Martin Hanzal wins face-off versus Mark Olver in Influenza zone.
14:35 of 2nd period - Snap shot by Alexei Morozov.
14:35 of 2nd period - Stopped by Tyson Sexsmith with a rebound.
14:37 of 2nd period - Snap shot by Martin Hanzal.
14:37 of 2nd period - Shot Misses the Net.
14:39 of 2nd period - Slapshot by Zachary Sanford.
14:39 of 2nd period - Shot Misses the Net.
14:41 of 2nd period - Wrist shot by Martin Hanzal.
14:41 of 2nd period - Shot Misses the Net.
14:43 of 2nd period - Snap shot by Zachary Sanford.
14:43 of 2nd period - Stopped by Tyson Sexsmith without a rebound.
14:44 of 2nd period - Martin Hanzal wins face-off versus Mark Olver in Influenza zone.
14:53 of 2nd period - Snap shot by Andre Burakovsky.
14:53 of 2nd period - Stopped by Matt Hackett without a rebound.
14:54 of 2nd period - Max Friberg wins face-off versus Mark Olver in Blackdemons zone.
15:50 of 2nd period - Slapshot by Patrice Cormier.
15:50 of 2nd period - Goal by Patrice Cormier - Influenza : 0 - Blackdemons : 6.
15:51 of 2nd period - Martin Hanzal wins face-off versus Jake Guentzel in neutral zone.
15:54 of 2nd period - Jake Guentzel is hit by Zachary Sanford and loses puck.
17:10 of 2nd period - Slapshot by Iiro Pakarinen.
17:10 of 2nd period - Stopped by Matt Hackett without a rebound.
17:11 of 2nd period - Zac Dalpe wins face-off versus Martin Hanzal in Blackdemons zone.
17:12 of 2nd period - Snap shot by Mathieu Carle.
17:12 of 2nd period - Stopped by Matt Hackett with a rebound.
17:16 of 2nd period - Snap shot by Lucas Lessio.
17:16 of 2nd period - Stopped by Matt Hackett without a rebound.
17:17 of 2nd period - Martin Hanzal wins face-off versus Zac Dalpe in Blackdemons zone.
17:22 of 2nd period - Slapshot by Jeffrey Foss.
17:22 of 2nd period - Deflect By Zachary Sanford.
17:22 of 2nd period - Shot Blocked by Anthony Mantha.
17:22 of 2nd period - Puck is out of play.
17:23 of 2nd period - Martin Hanzal wins face-off versus Mark Olver in Influenza zone.
17:24 of 2nd period - Snap shot by Alexei Morozov.
17:24 of 2nd period - Shot Blocked by Andre Burakovsky.
17:26 of 2nd period - Slapshot by Alexei Morozov.
17:26 of 2nd period - Stopped by Tyson Sexsmith without a rebound.
17:27 of 2nd period - Martin Hanzal wins face-off versus Mark Olver in Influenza zone.
17:36 of 2nd period - Wrist shot by Martin Hanzal.
17:36 of 2nd period - Goal by Martin Hanzal - Influenza : 0 - Blackdemons : 7.
17:37 of 2nd period - Martin Hanzal wins face-off versus Jake Guentzel in neutral zone.
17:48 of 2nd period - Snap shot by Beau Bennett.
17:48 of 2nd period - Stopped by Matt Hackett without a rebound.
17:49 of 2nd period - Martin Hanzal wins face-off versus Jimmy Vesey in Blackdemons zone.
17:49 of 2nd period - Martin Hanzal is hit by Jimmy Vesey.
18:05 of 2nd period - Slapshot by Beau Bennett.
18:05 of 2nd period - Shot Misses the Net.
18:15 of 2nd period - Iiro Pakarinen is hit by Roman Josi and loses puck.
18:24 of 2nd period - Snap shot by Iiro Pakarinen.
18:24 of 2nd period - Shot Misses the Net.
19:00 of 2nd period - Luca Sbisa is hit by Zachary Sanford and loses puck.
19:05 of 2nd period - Wrist shot by Alexei Morozov.
19:05 of 2nd period - Deflect By Andre Burakovsky.
19:05 of 2nd period - Stopped by Tyson Sexsmith with a rebound.
19:26 of 2nd period - Sergei Plotnikov is hit by Jimmy Vesey and loses puck.
19:51 of 2nd period - Slapshot by Anthony Mantha.
19:51 of 2nd period - Shot Misses the Net.
Goals for this period are 0 for Influenza vs 4 for Blackdemons.
Shots for this period are 13 for Influenza vs 13 for Blackdemons.
3rd period
0:01 of 3rd period - Martin Hanzal wins face-off versus Jake Guentzel in neutral zone.
0:54 of 3rd period - Snap shot by Zac Dalpe.
0:54 of 3rd period - Stopped by Matt Hackett with a rebound.
0:56 of 3rd period - Snap shot by Mathieu Carle.
0:56 of 3rd period - Shot Misses the Net.
1:46 of 3rd period - Tim Erixon is hit by Hudson Fasching and loses puck.
2:15 of 3rd period - Slapshot by Patrice Cormier.
2:15 of 3rd period - Stopped by Tyson Sexsmith without a rebound.
2:16 of 3rd period - Martin Hanzal wins face-off versus Jake Guentzel in Influenza zone.
2:27 of 3rd period - Snap shot by Jake Guentzel.
2:27 of 3rd period - Goal by Jake Guentzel - Influenza : 1 - Blackdemons : 7.
2:28 of 3rd period - Martin Hanzal wins face-off versus Jake Guentzel in neutral zone.
2:30 of 3rd period - Off-side.
2:31 of 3rd period - Martin Hanzal wins face-off versus Jake Guentzel in neutral zone.
3:02 of 3rd period - Slapshot by Martin Hanzal.
3:02 of 3rd period - Shot Blocked by Zac Dalpe.
3:04 of 3rd period - Slapshot by Alexei Morozov.
3:04 of 3rd period - Stopped by Tyson Sexsmith with a rebound.
3:06 of 3rd period - Slapshot by Keaton Ellerby.
3:06 of 3rd period - Shot Hit the Post.
3:08 of 3rd period - Snap shot by Zachary Sanford.
3:08 of 3rd period - Shot Misses the Net.
3:10 of 3rd period - Snap shot by Alexei Morozov.
3:10 of 3rd period - Stopped by Tyson Sexsmith with a rebound.
3:12 of 3rd period - Slapshot by Keaton Ellerby.
3:12 of 3rd period - Stopped by Tyson Sexsmith with a rebound.
3:14 of 3rd period - Snap shot by Martin Hanzal.
3:14 of 3rd period - Shot Misses the Net.
3:16 of 3rd period - Wrist shot by Alexei Morozov.
3:16 of 3rd period - Shot Misses the Net.
3:18 of 3rd period - Snap shot by Keaton Ellerby.
3:18 of 3rd period - Deflect By Anthony Mantha.
3:18 of 3rd period - Stopped by Tyson Sexsmith with a rebound.
3:20 of 3rd period - Snap shot by Martin Hanzal.
3:20 of 3rd period - Shot Blocked by Anthony Mantha.
3:25 of 3rd period - Minor Penalty to Anthony Mantha for Hooking.
3:26 of 3rd period - Zac Dalpe wins face-off versus Martin Hanzal in Influenza zone.
3:36 of 3rd period - Snap shot by Zac Dalpe.
3:36 of 3rd period - Stopped by Matt Hackett without a rebound.
3:37 of 3rd period - Zac Dalpe wins face-off versus Patrice Cormier in Blackdemons zone.
4:47 of 3rd period - Tim Erixon is hit by Keaton Ellerby and loses puck.
5:25 of 3rd period - Penalty to Anthony Mantha is over, Anthony Mantha is back on ice.
5:48 of 3rd period - Snap shot by Sergei Plotnikov.
5:48 of 3rd period - Goal by Sergei Plotnikov - Influenza : 1 - Blackdemons : 8.
5:48 of 3rd period - Jeremy Duchesne enters game.
5:49 of 3rd period - Jake Guentzel wins face-off versus Patrice Cormier in neutral zone.
5:52 of 3rd period - Slapshot by Calvin de Haan.
5:52 of 3rd period - Stopped by Matt Hackett without a rebound.
5:53 of 3rd period - Patrice Cormier wins face-off versus Jake Guentzel in Blackdemons zone.
6:22 of 3rd period - Slapshot by Sergei Plotnikov.
6:22 of 3rd period - Shot Blocked by Iiro Pakarinen.
6:24 of 3rd period - Slapshot by Roman Josi.
6:24 of 3rd period - Shot Blocked by Calvin de Haan.
6:26 of 3rd period - Snap shot by Kyle Rau.
6:26 of 3rd period - Stopped by Jeremy Duchesne without a rebound.
6:27 of 3rd period - Ladislav Nagy wins face-off versus Jake Guentzel in Influenza zone.
7:15 of 3rd period - Slapshot by Paul Ladue.
7:15 of 3rd period - Shot Misses the Net.
7:17 of 3rd period - Wrist shot by Lucas Lessio.
7:17 of 3rd period - Goal by Lucas Lessio - Influenza : 2 - Blackdemons : 8.
7:18 of 3rd period - Jake Guentzel wins face-off versus Patrice Cormier in neutral zone.
8:06 of 3rd period - Wrist shot by Scott Timmins.
8:06 of 3rd period - Shot Misses the Net.
8:24 of 3rd period - Wrist shot by Paul Ladue.
8:24 of 3rd period - Shot Blocked by Martin Hanzal.
8:32 of 3rd period - Icing by Keaton Ellerby.
8:33 of 3rd period - Martin Hanzal wins face-off versus Jake Guentzel in Blackdemons zone.
8:44 of 3rd period - Jake Guentzel is hit by Keaton Ellerby and loses puck.
9:21 of 3rd period - Snap shot by Ladislav Nagy.
9:21 of 3rd period - Stopped by Jeremy Duchesne with a rebound.
9:23 of 3rd period - Wrist shot by Roman Josi.
9:23 of 3rd period - Shot Blocked by Luca Sbisa.
9:25 of 3rd period - Wrist shot by Kyle Rau.
9:25 of 3rd period - Stopped by Jeremy Duchesne without a rebound.
9:26 of 3rd period - Jake Guentzel wins face-off versus Hudson Fasching in Influenza zone.
9:51 of 3rd period - Yannick Weber is hit by Anthony Mantha and loses puck.
10:04 of 3rd period - Slapshot by Jeffrey Foss.
10:04 of 3rd period - Stopped by Jeremy Duchesne without a rebound.
10:05 of 3rd period - Jake Guentzel wins face-off versus Max Friberg in Influenza zone.
10:14 of 3rd period - Slapshot by Jimmy Vesey.
10:14 of 3rd period - Stopped by Matt Hackett with a rebound.
11:11 of 3rd period - Snap shot by Beau Bennett.
11:11 of 3rd period - Stopped by Matt Hackett without a rebound.
11:12 of 3rd period - Jake Guentzel wins face-off versus Kyle Rau in Blackdemons zone.
11:39 of 3rd period - Wrist shot by Iiro Pakarinen.
11:39 of 3rd period - Goal by Iiro Pakarinen - Influenza : 3 - Blackdemons : 8.
11:40 of 3rd period - Patrice Cormier wins face-off versus Jake Guentzel in neutral zone.
11:51 of 3rd period - Snap shot by Jake Guentzel.
11:51 of 3rd period - Stopped by Matt Hackett with a rebound.
11:53 of 3rd period - Slapshot by Beau Bennett.
11:53 of 3rd period - Stopped by Matt Hackett with a rebound.
11:55 of 3rd period - Snap shot by Jimmy Vesey.
11:55 of 3rd period - Goal by Jimmy Vesey - Influenza : 4 - Blackdemons : 8.
11:56 of 3rd period - Jake Guentzel wins face-off versus Martin Hanzal in neutral zone.
12:48 of 3rd period - Snap shot by Sergei Plotnikov.
12:48 of 3rd period - Shot Misses the Net.
13:06 of 3rd period - James Livingstone is hit by Justin Bailey and loses puck.
13:11 of 3rd period - Snap shot by Johan Larsson.
13:11 of 3rd period - Stopped by Matt Hackett with a rebound.
13:55 of 3rd period - Snap shot by Ladislav Nagy.
13:55 of 3rd period - Shot Misses the Net.
14:34 of 3rd period - Wrist shot by Scott Timmins.
14:34 of 3rd period - Stopped by Jeremy Duchesne without a rebound.
14:35 of 3rd period - Jake Guentzel wins face-off versus Martin Hanzal in Influenza zone.
14:42 of 3rd period - Snap shot by Mathieu Carle.
14:42 of 3rd period - Shot Misses the Net.
15:25 of 3rd period - Snap shot by Sergei Plotnikov.
15:25 of 3rd period - Stopped by Jeremy Duchesne without a rebound.
15:26 of 3rd period - Kyle Rau wins face-off versus Jake Guentzel in Influenza zone.
15:33 of 3rd period - Snap shot by Kyle Rau.
15:33 of 3rd period - Goal by Kyle Rau - Influenza : 4 - Blackdemons : 9.
15:34 of 3rd period - Martin Hanzal wins face-off versus Jake Guentzel in neutral zone.
15:40 of 3rd period - Wrist shot by Martin Hanzal.
15:40 of 3rd period - Stopped by Jeremy Duchesne without a rebound.
15:41 of 3rd period - Martin Hanzal wins face-off versus Jake Guentzel in Influenza zone.
15:57 of 3rd period - Minor Penalty to Jimmy Vesey for Hooking.
15:58 of 3rd period - Zac Dalpe wins face-off versus Patrice Cormier in Influenza zone.
16:14 of 3rd period - Off-side.
16:15 of 3rd period - Zac Dalpe wins face-off versus Martin Hanzal in neutral zone.
16:18 of 3rd period - Slapshot by Calvin de Haan.
16:18 of 3rd period - Deflect By Zac Dalpe.
16:18 of 3rd period - Shot Misses the Net.
16:18 of 3rd period - Puck is out of play.
16:19 of 3rd period - Zac Dalpe wins face-off versus Martin Hanzal in Blackdemons zone.
16:23 of 3rd period - Icing by Yannick Weber.
16:24 of 3rd period - Ladislav Nagy wins face-off versus Zac Dalpe in Blackdemons zone.
16:57 of 3rd period - Paul Ladue is hit by Zachary Sanford and loses puck.
17:57 of 3rd period - Penalty to Jimmy Vesey is over, Jimmy Vesey is back on ice.
18:38 of 3rd period - Snap shot by Zac Dalpe.
18:38 of 3rd period - Stopped by Matt Hackett with a rebound.
18:40 of 3rd period - Slapshot by Anthony Mantha.
18:40 of 3rd period - Stopped by Matt Hackett with a rebound.
19:06 of 3rd period - Zachary Sanford is hit by Jake Guentzel and loses puck.
19:42 of 3rd period - Wrist shot by Sergei Plotnikov.
19:42 of 3rd period - Stopped by Jeremy Duchesne without a rebound.
19:43 of 3rd period - Sergei Plotnikov wins face-off versus Anthony Mantha in Influenza zone.
Goals for this period are 4 for Influenza vs 2 for Blackdemons.
Shots for this period are 14 for Influenza vs 15 for Blackdemons.
Back to the Top